AoeStats
← SAKURA

Black Forest

506289971Analyzed
1v1 RM · 20d ago on Sep 13, 2026· 23m 51s· 2 players
Game mode
Random Map
Map size
Tiny (2 player)
Population
200
Speed
Normal
Resources
Standard
Victory
Conquest
Starting age
Dark Age
Ending age
Imperial Age
RankedLock teamsTeams togetherTeam positionsShared explorationLock speedFull tech treeHidden civsTurbo modeCheats
Victory
Defeat
🇺🇸 Japanese · United States
588
+27
🇨🇳 Byzantines · China
584
-16
SAKURA
2:11 Loom
Space Llama Wanderer
11:19 Feudal Age
12:09 Man-at-Arms
21:56 Double-Bit Axe
23:17 Bloodlines
23:45 Wheelbarrow
23:07 Horse Collar
23:41 Forging
23:29 Gold Mining
Connection lost

Rejoining the realm…

Still unreachable

The connection could not be restored.

Session expired

The server has moved on; the page needs a fresh start.